AoeStats
← old f1sh

Arabia

509034559Analyzed
1v1 RM · 7d ago on Sep 25, 2026· 34m 22s· 2 players
Game mode
Random Map
Map size
Tiny (2 player)
Population
200
Speed
Normal
Resources
Standard
Victory
Conquest
Starting age
Dark Age
Ending age
Imperial Age
RankedLock teamsTeams togetherTeam positionsShared explorationLock speedFull tech treeHidden civsTurbo modeCheats
Victory
Defeat
🇵🇹 Spanish · Portugal
1659
+16
🇨🇳 Varangians · China
1666
-16
Kold
6:08 Loom
9:10 Feudal Age
9:49 Double-Bit Axe
10:56 Horse Collar
15:59 Fletching
16:51 Padded Archer Armor
22:08 Castle Age
25:19 Bow Saw
26:03 Fervor
27:40 Redemption
27:51 Sanctity
27:28 Gold Mining
28:16 Heavy Plow
29:15 Wheelbarrow
31:25 Bloodlines
33:59 Imperial Age
33:03 Inquisition
33:21 Leather Archer Armor
old f1sh
6:49 Loom
9:28 Feudal Age
9:34 Man-at-Arms
11:56 Double-Bit Axe
16:42 Fletching
20:35 Castle Age
18:57 Horse Collar
20:12 Scale Mail Armor
21:34 Chain Mail Armor
21:33 Bow Saw
24:59 Squires
26:59 Wheelbarrow
27:36 Heavy Plow
32:16 Guard Tower
Connection lost

Rejoining the realm…

Still unreachable

The connection could not be restored.

Session expired

The server has moved on; the page needs a fresh start.